 Dungeon Crawl Stone Soup version 0.29-a0-375-g5102b3be25 (webtiles) character file.

Game seed: 9979340494986351636

130 Antichthon the Covered (level 5, 0/33 HPs)
             Began as a Gargoyle Fighter on May 4, 2022.
             Killed from afar by Natasha (2 damage)
             ... with a magic dart
             ... on level 2 of the Dungeon.
             The game lasted 00:02:52 (2659 turns).

Antichthon the Covered (Gargoyle Fighter)           Turns: 2659, Time: 00:02:53

Health: 0/33       AC: 11    Str: 20    XL:     5   Next: 14%
Magic:  5/5        EV:  9    Int: 10    God:
Gold:   127        SH:  4    Dex:  9    Spells: 4/4 levels left

rFire   . . .      SeeInvis .   a - +0 flail
rCold   . . .      Faith    .   c - +0 buckler
rNeg    + . .      Spirit   .   b - +0 scale mail
rPois   ∞          Reflect  .   (no helmet)
rElec   +          Harm     .   (no cloak)
rCorr   .          Rampage  .   (no gloves)
Will    .....                   (no boots)
Stlth   ..........              (no amulet)
HPRegen 0.11/turn               (no ring)
MPRegen 0.09/turn               (no ring)

@: hasted and slowed
A: sickness immunity, AC +4, negative energy resistance 1, electricity
resistance, torment resistance 1, petrification resistance
a: no special abilities


You were on level 2 of the Dungeon.
You visited 1 branch of the dungeon, and saw 2 of its levels.

You collected 127 gold pieces.

Inventory:

Hand Weapons
 a - a +0 flail (weapon)
Armour
 b - a +0 scale mail (worn)
 c - a +0 buckler (worn)
Scrolls
 f - a scroll of magic mapping
 g - 2 scrolls of identify
 h - a scroll of immolation
 j - a scroll of teleportation
Potions
 d - a potion of might
 e - a potion of brilliance


   Skills:
 * Level 3.8 Fighting
 * Level 3.3 Maces & Flails
 * Level 3.9 Armour
 * Level 0.9 Dodging
 * Level 3.8 Shields
 * Level 1.2 Invocations


You had 4 spell levels left.
You didn't know any spells.
Your spell library contained the following spells:

 Spells                   Type           Power      Damage    Failure   Level
 Animate Skeleton         Necr           0%         N/A       80%         1
 Apportation              Tloc           0%         N/A       80%         1
 Magic Dart               Conj           0%         1d3       80%         1
 Summon Small Mammal      Summ           0%         N/A       80%         1
 Call Imp                 Summ           0%         N/A       91%         2
 Gell's Gravitas          Tloc           0%         N/A       99%         3
 Lesser Beckoning         Tloc           0%         N/A       99%         3
 Mephitic Cloud           Conj/Pois/Air  0%         N/A       99%         3
 Teleport Other           Tloc           0%         N/A       99%         3


Dungeon Overview and Level Annotations

Branches:
Dungeon (2/15)

Altars:
Gozag

Annotations:
D:2 Natasha


Innate Abilities, Weirdness & Mutations

You are immune to sickness and miasma.
Your stone body is resilient. (AC +4)
You are immune to poison.
You resist negative energy. (rN+)
You are resistant to electric shocks. (rElec)
You are resistant to unholy torment.
You are immune to petrification.


Message History

You closely miss the adder. The adder barely misses you.
The adder closely misses you.
You hit the adder.
The adder is heavily wounded.
The adder bites you but does no damage.
You closely miss the adder.
The adder is heavily wounded.
The adder bites you. The adder bites you but does no damage.
You barely miss the adder.
The adder is heavily wounded.
The adder bites you but does no damage. You block the adder's attack.
You hit the adder.
You kill the adder!
j - a scroll of teleportation You open the door.
Found an opulent altar of Gozag.
There is an open door here.
You open the door.
There is an open door here.
Natasha, Servant of Life and Death comes into view.
Natasha is nearby!
Natasha stares at you and mumbles some strange words.
The magic dart hits you!
Natasha stares at you and mumbles some strange words.
You feel yourself slow down. Natasha claws you.
You hit Natasha.
Natasha is moderately wounded.
Natasha stares at you and mumbles some strange words.
The magic dart hits you! Natasha claws you.
* * * LOW HITPOINT WARNING * * *
You hit Natasha but do no damage.
Natasha is moderately wounded.
Natasha closely misses you. Natasha claws you.
* * * LOW HITPOINT WARNING * * *
Unknown command.
You feel yourself speed up.
Natasha stares at you and mumbles some strange words.
The magic dart hits you.
You die...

####...#≈≈≈.
####......#≈≈≈.
#....#######≈≈.
#...## ###+ ##...#
. #...## . ##...#
. #######...#.....
.
###.....@...######
# #...###h..#.# #
#...........# ###
#####.......# #..
#.......# #..
######.......# #..
#............# #..
#..<.........# #'#
#....).......# # #


You could see Natasha.

Vanquished Creatures
  Natasha (twice) (D:2)
  2 adders (D:2)
  3 worms
  A dart slug (D:2)
  11 endoplasms
  3 giant cockroaches
  A goblin (D:2)
  4 hobgoblins
  12 kobolds
  A quokka (D:1)
  3 ball pythons
  2 bats (D:2)
  4 frilled lizards
  A rat (D:1)
50 creatures vanquished.

Vanquished Creatures (others)
  8 toadstools (D:2)
8 creatures vanquished.

Grand Total: 58 creatures vanquished

Notes
Turn   | Place    | Note
-------+----------+-------------------------------------------
     0 | D:1      | Antichthon the Gargoyle Fighter began the quest for the
                  | Orb.
     0 | D:1      | Reached XP level 1. HP: 14/14 MP: 1/1
   249 | D:1      | Reached XP level 2. HP: 16/19 MP: 2/2
  1028 | D:1      | Reached XP level 3. HP: 21/23 MP: 3/3
  1746 | D:2      | Noticed Natasha
  1932 | D:2      | Killed Natasha
  1933 | D:2      | Reached XP level 4. HP: 19/29 MP: 4/4
  1959 | D:2      | Noticed Natasha
  1963 | D:2      | Reached skill level 1 in Invocations
  1972 | D:2      | Killed Natasha
  2416 | D:2      | Reached XP level 5. HP: 23/33 MP: 5/5
  2634 | D:2      | Found an opulent altar of Gozag.
  2652 | D:2      | Noticed Natasha
  2659 | D:2      | Killed from afar by Natasha

Illustrated notes

Levels and vault maps discovered:
D:1:      nicolae_arrival_washed_ashore, layout_basic
D:2:      cheibrodos_fertilizer, layout_rooms, kennysheep_flooded_box,
          minmay_ruptured, uniq_natasha

Skill      XL: |  1  2  3  4 |
---------------+-------------+-----
Maces & Flails | 3 |  3.3
Invocations    | 1 |  1.2
Fighting       | |  3.8
Armour         | |  3.9
Dodging        | |  0.9
Shields        | |  3.8

Action                   |  1- 3 |  4- 6 || total
-------------------------+-------+-------++-------
Melee: Flail             |    73 |    84 ||   157
  Use: Scroll            |     4 |     5 ||     9
       Potion            |       |     1 ||     1
Armor: Scale mail        |    43 |    48 ||    91
Dodge: Dodged            |    33 |    51 ||    84
Block: Buckler           |    15 |    23 ||    38

Table legend: (Time is in decaauts)
 A = Elapsed time spent in this place.
 B = Non-inter-level travel time spent in this place.
 C = Inter-level travel time spent in this place.
 D = Time resting spent in this place.
 E = Time spent auto-exploring this place.
 F = Levels seen in this place.
 G = Mean time per level.
                   A        B        C        D        E       F      G
               +--------+--------+--------+--------+--------+-----+--------+
         Total |   2713 |   2615 |     98 |    481 |   1657 |   2 | 1356.5 |
       Dungeon |   2713 |   2615 |     98 |    481 |   1657 |   2 | 1356.5 |
               +--------+--------+--------+--------+--------+-----+--------+

Top non-repeatable levels by time:
     D:1: 1904 daAuts
     D:2: 808 daAuts
